 Dungeon Crawl Stone Soup version 0.28-b1-1-g3c77fb2ed1 (webtiles) character file.

Game seed: 12580252807848195711

287 cayde69 the Magician (level 6, -11/40 HPs)
             Began as a Djinni Venom Mage on Jan 28, 2022.
             Mangled by an ogre (22 damage)
             ... on level 4 of the Dungeon on Jan 29, 2022.
             The game lasted 00:20:50 (4794 turns).

cayde69 the Magician (Djinni Venom Mage)            Turns: 4794, Time: 00:20:51

Health: -11/40     AC: 14    Str:  7    XL:     6   Next: 56%
Gold:   163        EV:  2    Int: 18    God:
                   SH:  0    Dex: 14

rFire   + + .      SeeInvis .   g - +1 mace (drain)
rCold   x . .      Faith    .   (no shield)
rNeg    . . .      Spirit   .   r - +0 chain mail
rPois   ∞          Reflect  .   k - +0 helmet
rElec   .          Harm     .   m - +0 cloak
rCorr   .          Rampage  .   (no gloves)
Will    .....                   (boots unavailable)
Stlth   ..........              (no amulet)
HPRegen 0.13/turn               p - +4 ring of protection
MPRegen 0.00/turn               (no ring)

@: flying, very slightly contaminated
A: sickness immunity, fire resistance 2, cold vulnerability 1, float, innate
caster, hp casting, extra vitality 1
a: no special abilities


You were on level 4 of the Dungeon.
You visited 1 branch of the dungeon, and saw 4 of its levels.
You also visited: Sewer.

You collected 163 gold pieces.

Inventory:

Hand Weapons
 c - a +0 dagger
 d - a +0 dagger
 e - a +0 short sword
 g - a +1 mace of draining (weapon)
Missiles
 l - 9 poisoned darts
Armour
 a - a +0 robe
 j - a +0 ring mail
 k - a +0 helmet (worn)
 m - a +0 cloak (worn)
 r - a +0 chain mail (worn)
Jewellery
 p - a +4 ring of protection (left hand)
Scrolls
 f - a scroll of amnesia
 h - a scroll of blinking {unknown}
 n - 2 scrolls of teleportation {unknown}
Potions
 b - a potion of might {unknown}
 i - a potion of attraction
 o - a potion of brilliance {unknown}
 q - a potion of degeneration {unknown}


   Skills:
 - Level 2.3 Short Blades
 - Level 0.2 Armour
 - Level 2.2 Dodging
 - Level 1.6 Stealth
 + Level 4.7 Spellcasting


You had one spell level left.
You knew the following spells:

 Your Spells              Type           Power      Damage    Failure   Level
a - Sting                 Tmut/Pois      84%        1d7       100%        1
b - Poisonous Vapours     Pois/Air       42%        N/A       100%        2
c - Mephitic Cloud        Conj/Pois/Air  21%        N/A       100%        3
d - Olgreb's Toxic Radia  Pois           21%        N/A       100%        4
e - Summon Small Mammal   Summ           84%        N/A       100%        1
f - Searing Ray           Conj           42%        2d6       100%        2
Your spell library was empty.


Dungeon Overview and Level Annotations

Branches:
Dungeon (4/15)              Sewer (visited)
 Temple: D:4-7

Altars:
Makhleb


Innate Abilities, Weirdness & Mutations

You are immune to sickness and miasma.
You are immune to poison.
Your flesh is very heat resistant. (rF++)
You are vulnerable to cold. (rC-)
You float through the air rather than walking.
You learn spells naturally, not from books.
Your magical power is your life essence.
You have superior vitality. (+4 MHP)


Message History

Aiming: Sting (safe; 100% risk of failure)
Press: ? - help, Shift-Dir - straight line, f/p - endoplasm
Aim: an endoplasm (heavily wounded, 98% to hit)
You miscast Sting.
Nothing appears to happen.
The endoplasm freezes you.
You are frozen.
You feel a terrible chill!
Casting: Sting (safe; 100% risk of failure)
Confirm with . or Enter, or press ? or * to list all spells.
Aiming: Sting (safe; 100% risk of failure)
Press: ? - help, Shift-Dir - straight line, f/p - endoplasm
Aim: an endoplasm (heavily wounded, 98% to hit)
You miscast Sting.
Nothing appears to happen.
The endoplasm hits you but does no damage.
You hit the endoplasm but do no damage.
The endoplasm is heavily wounded.
The endoplasm barely misses you.
You hit the endoplasm.
You kill the endoplasm!
The endoplasm hits you.
You hit the endoplasm.
The endoplasm is severely wounded.
The endoplasm freezes you.
You are frozen!
You feel a terrible chill!
You are too injured to fight recklessly!
You are too injured to fight recklessly!
You are too injured to fight recklessly!
You are too injured to fight recklessly!
You are too injured to fight recklessly!
You hit the endoplasm.
You kill the endoplasm!
The ogre hits you with a +0 giant spiked club.
* * * LOW HITPOINT WARNING * * *
It was a potion of curing.
You feel better.
The ogre hits you with a +0 giant spiked club!
* * * LOW HITPOINT WARNING * * *
You hit the ogre. You drain the ogre.
The ogre is moderately wounded.
The ogre hits you with a +0 giant spiked club!!
Ouch! That really hurt!
You die...

#.. #.J## ###
#.... ..#
#...# #.#
#...# #.#
#...# #<#
#...#######.#
#....O@.....#
##..#########
..>..#
#.#.### # #.
.. ##


You could see an ogre (drained).

Vanquished Creatures
  2 bullfrogs (Sewer)
  7 adders
  3 dart slugs
  An orc (D:3)
  8 ball pythons
  14 endoplasms
  13 giant cockroaches
  5 goblins
  4 hobgoblins
  2 kobolds
  10 quokkas
  2 bats
  5 frilled lizards (Sewer)
  5 rats
81 creatures vanquished.

Vanquished Creatures (collateral kills)
  A rat (D:1)
1 creature vanquished.

Vanquished Creatures (others)
  A plant (D:4)
1 creature vanquished.

Grand Total: 83 creatures vanquished

Notes
Turn   | Place    | Note
-------+----------+-------------------------------------------
     0 | D:1      | cayde69 the Djinni Venom Mage began the quest for the Orb.
     0 | D:1      | Reached XP level 1. HP: 15/15 MP: 0/0
   132 | D:1      | Reached XP level 2. HP: 10/21 MP: 0/0
   729 | D:1      | Reached skill level 3 in Spellcasting
   794 | D:1      | Reached XP level 3. HP: 16/25 MP: 0/0
   794 | D:1      | Learned a level 1 spell: Summon Small Mammal
  2225 | D:2      | Found a faded altar of an unknown god.
  2476 | D:3      | Reached XP level 4. HP: 29/31 MP: 0/0
  2486 | D:3      | Reached skill level 1 in Short Blades
  2662 | D:3      | Found a burning altar of Makhleb.
  3074 | D:3      | Found a glowing drain.
  3083 | Sewer    | Entered a sewer
  3282 | Sewer    | Reached XP level 5. HP: 23/35 MP: 0/0
  3282 | Sewer    | Learned a level 2 spell: Searing Ray
  3656 | Sewer    | Reached skill level 4 in Spellcasting
  4274 | Sewer    | Noticed a bullfrog
  4275 | Sewer    | Noticed a bullfrog
  4296 | Sewer    | Killed a bullfrog
  4297 | Sewer    | Reached XP level 6. HP: 15/40 MP: 0/0
  4777 | D:4      | Noticed an ogre
  4794 | D:4      | Mangled by an ogre

Illustrated notes

Levels and vault maps discovered:
D:1:      grunt_arrival_lava_bath, layout_loops_ring
D:2:      layout_loops_corners, chequers_ecumenical_altar_lobes,
          amcnicky_mini_pool_small, chequers_serial_rivers_micro_c
D:3:      layout_loops_cross, mainiacjoe_overflow_alcove_4,
          portal_sewer_entry_d, kennysheep_generic_room_16
D:4:      layout_basic, minmay_temple_entry_gardened_gates, serial_shops,
          nicolae_shop_crystal, kennysheep_generic_room_5

Skill      XL: |  1  2  3  4  5 |
---------------+----------------+-----
Spellcasting   | 3 4 |  4.7
Short Blades   | 1 2 |  2.3
Armour         | |  0.2
Dodging        | |  2.2
Stealth        | |  1.6

Action                   |  1- 3 |  4- 6 || total
-------------------------+-------+-------++-------
Melee: Short sword       |     6 |    57 ||    63
       Unarmed           |     1 |       ||     1
       Punch             |     1 |       ||     1
       Mace              |       |     7 ||     7
 Cast: Sting             |    51 |    93 ||   144
       Poisonous Vapours |     7 |       ||     7
       Summon Small Mamm |     2 |       ||     2
  Use: Potion            |       |     3 ||     3
       Scroll            |       |     1 ||     1
Armor: Robe              |     5 |       ||     5
       Ring mail         |     3 |    52 ||    55
       Chain mail        |       |     4 ||     4
Dodge: Dodged            |    12 |    68 ||    80
